 Dungeon Crawl Stone Soup version 0.31.0-32-g396128a36d (webtiles) character file.

Game seed: 803377948705763854

28 PaiMei the Grave Robber (level 2, -4/19 HPs)
             Began as a Demonspawn Necromancer on Apr 1, 2024.
             Slain by Terence
             ... wielding a +0 flail
              (10 damage)
             ... on level 2 of the Dungeon.
             The game lasted 00:01:26 (954 turns).

PaiMei the Grave Robber (Demonspawn Necromancer)     Turns: 954, Time: 00:01:27

Health: -4/19      AC:  3    Str:  8    XL:     2   Next: 96%
Magic:  0/5        EV: 12    Int: 15    God:
Gold:   56         SH:  0    Dex: 13    Spells: 4/5 levels left

rFire   . . .        f - +4 flail
rCold   . . .        (no shield)
rNeg    . . .        a - +0 robe
rPois   .            j - +0 helmet
rElec   .            (no cloak)
rCorr   .            (no gloves)
SInv    .            (no boots)
Will    .....        (no amulet)
Stlth   ++           (no ring)
HPRegen 0.23/turn    (no ring)
MPRegen 0.09/turn

%: no passive effects
@: no status effects
A: sturdy frame 1
a: no special abilities


You were on level 2 of the Dungeon.
You visited 1 branch of the dungeon, and saw 2 of its levels.

You collected 56 gold pieces.

Inventory:

Hand Weapons
 d - a +0 short sword of flaming
 f - a +4 flail (weapon)
Armour
 a - a +0 robe (worn)
 j - a +0 helmet (worn)
Scrolls
 h - a scroll of teleportation {unknown}
Potions
 b - a potion of magic
 c - 2 potions of lignification {unknown}
 e - a potion of mutation {unknown}
 g - a potion of enlightenment {unknown}
 i - a potion of curing {unknown}
 k - a potion of resistance {unknown}


   Skills:
 + Level 2.1 Dodging
 + Level 2.2 Stealth
 + Level 2.4 Spellcasting
 + Level 4.6 Necromancy


You had 4 spell levels left.
You knew the following spells:

 Your Spells              Type           Power      Damage    Failure   Level
a - Necrotise             Necr           60%        1d7       3%          1

Your spell library contained the following spells:

 Spells                   Type           Power      Damage    Failure   Level
 Vampiric Draining        Necr           15%        2d7       10%         3
 Animate Dead             Necr           15%        N/A       30%         4
 Curse of Agony           Necr           15%        N/A       65%         5


Dungeon Overview and Level Annotations

Branches:
Dungeon (2/15)

Altars:

Annotations:
D:2 Terence


Innate Abilities, Weirdness & Mutations

Your movements are slightly less encumbered by armour. (ER -2)


Message History

Your kobold skeleton barely misses Terence.
Terence hits you but does no damage.
Casting: Necrotise (safe; 3% risk of failure)
Confirm with . or Enter, or press ? or * to list all spells.
Aiming: Necrotise (safe; 3% risk of failure)
Press: ? - help, Shift-Dir - straight line, f/p - Terence
Aim: Terence, wielding a +0 flail and wearing a +0 ring mail (heavily wounded, ally target, chance to affect: 79%) Terence writhes in agony.
Terence closely misses you.
Your kobold skeleton hits Terence but does no damage.
Casting: Necrotise (safe; 3% risk of failure)
Confirm with . or Enter, or press ? or * to list all spells.
Aiming: Necrotise (safe; 3% risk of failure)
Press: ? - help, Shift-Dir - straight line, f/p - Terence
Aim: Terence, wielding a +0 flail and wearing a +0 ring mail (severely wounded, not watching you, ally target, chance to affect: 79%) Terence writhes in agony.
Terence hits you with a +0 flail.
Your kobold skeleton hits Terence.
Casting: Necrotise (safe; 3% risk of failure)
Confirm with . or Enter, or press ? or * to list all spells.
You don't have enough magic to cast this spell.
Casting: Necrotise (safe; 3% risk of failure)
Confirm with . or Enter, or press ? or * to list all spells.
You don't have enough magic to cast this spell.
Casting: Necrotise (safe; 3% risk of failure)
Confirm with . or Enter, or press ? or * to list all spells.
You don't have enough magic to cast this spell.
Casting: Necrotise (safe; 3% risk of failure)
Confirm with . or Enter, or press ? or * to list all spells.
You don't have enough magic to cast this spell.
You closely miss Terence.
Terence is almost dead.
Terence hits you with a +0 flail!
Your kobold skeleton hits Terence but does no damage.
You closely miss Terence.
Terence is almost dead.
Terence misses you.
Your kobold skeleton closely misses Terence.
Terence hits you with a +0 flail!
Ouch! That really hurt!
You die...
Terence says, "That felt goooood."

..###########
!.................######
.....................#..
.^.............<........
.........####...........
........ ##..........
....... #....<.....
.....Z@## #..........
#.#...@### ##..........
#.........###...........
...######..##.##.....#..
. ##.##.##..######
#.##.##.## #....##.#
###..###.# #........#
#..##.###.#


You could see Terence (ally target) and a friendly kobold skeleton.

Vanquished Creatures
  2 dart slugs (D:1)
  A bat (D:1)
  4 endoplasms (D:1)
  A giant cockroach (D:1)
  2 goblins (D:1)
  2 hobgoblins (D:1)
  A quokka (D:1)
  A ball python (D:1)
  A frilled lizard (D:1)
  3 kobolds
  4 rats (D:1)
  A butterfly (D:2)
23 creatures vanquished.

Notes
Turn   | Place    | Note
-------+----------+-------------------------------------------
     0 | D:1      | PaiMei the Demonspawn Necromancer began the quest for the
                  | Orb.
     0 | D:1      | Reached XP level 1. HP: 13/13 MP: 3/3
   254 | D:1      | Gained mutation: Your movements are slightly less
                  | encumbered by armour. (ER -2) [demonic ancestry]
   254 | D:1      | Reached XP level 2. HP: 19/19 MP: 1/5
   945 | D:2      | Noticed Terence
   954 | D:2      | Slain by Terence

Illustrated notes

Levels and vault maps discovered:
D:1:      spicycebolla_arrival_clurvy, layout_loops_ring,
          minmay_misc_feat_enclosed
D:2:      layout_rooms, uniq_terence

Skill      XL: |  1 |
---------------+----+-----
Stealth        | 2 |  2.2
Dodging        | 2 |  2.1
Spellcasting   | |  2.4
Necromancy     | |  4.6

Action                     || total
---------------------------++-------
  Melee: Short sword       ||     7
         Flail             ||     6
   Cast: Necrotise         ||    39
 Armour: Robe              ||    14
  Dodge: Dodged            ||     6
